[Event "26th Abu Dhabi Master 2019"]
[Site "Abu Dhabi"]
[Date "2019.08.04"]
[Round "4.55"]
[White "Krishnater Kushager"]
[Black "Panesar Vedant"]
[Result "1/2-1/2"]
[ECO "D38"]
[WhiteElo "2324"]
[BlackElo "2092"]
[Annotator "NA"]
[PlyCount "46"]
[EventDate "2019.08.02"]
[EventType "swiss"]
[EventCountry "UAE"]
[SourceTitle "playchess.com"]
[Source "ChessBase"]
[SourceQuality "1"]
[TimeControl "5400+30"]

1. d4 Nf6 2. c4 e6 3. Nf3 d5 4. Nc3 Bb4 5. Bg5 h6 6. Bxf6 Qxf6 7. Qa4+ Nc6 8. e3 O-O 9. Be2 dxc4 10. a3 Bd6 11. O-O e5 12. d5 Ne7 13. Qxc4 Bf5 14. Rfd1 a6 15. Ne4 Bxe4 16. Qxe4 Qg6 17. Qxg6 Nxg6 18. Nd2 f5 19. g4 f4 20. Rac1 Rf7 21. Ne4 Raf8 22. g5 fxe3 23. fxe3 Nh4 1/2-1/2

[Event "26th Abu Dhabi Master 2019"]
[Site "Abu Dhabi"]
[Date "2019.08.04"]
[Round "4.56"]
[White "Mithil, Ajgaonkar"]
[Black "Vatsal Singhania"]
[Result "0-1"]
[ECO "D30"]
[WhiteElo "2314"]
[BlackElo "2213"]
[Annotator "NA"]
[PlyCount "30"]
[EventDate "2019.08.02"]
[EventType "swiss"]
[EventCountry "UAE"]
[SourceTitle "playchess.com"]
[Source "ChessBase"]
[SourceQuality "1"]
[TimeControl "5400+30"]

1. d4 d5 2. c4 e6 3. e3 Nf6 4. Nf3 b6 5. b3 Bb7 6. Bd3 Bd6 7. O-O O-O 8. Bb2 Nbd7 9. Qe2 Ne4 10. Nfd2 f5 11. f3 Bxh2+ 12. Kxh2 Qh4+ 13. Kg1 Ng3 14. Qe1 Nf6 15. c5 g5 0-1

[Event "26th Abu Dhabi Master 2019"]
[Site "Abu Dhabi"]
[Date "2019.08.04"]
[Round "4.57"]
[White "Mrudul Dehankar"]
[Black "Samant Aditya S"]
[Result "0-1"]
[ECO "A05"]
[WhiteElo "2074"]
[BlackElo "2296"]
[Annotator "NA"]
[PlyCount "102"]
[EventDate "2019.08.02"]
[EventType "swiss"]
[EventCountry "UAE"]
[SourceTitle "playchess.com"]
[Source "ChessBase"]
[SourceQuality "1"]
[TimeControl "5400+30"]

1. Nf3 Nf6 2. b3 d5 3. e3 Bf5 4. Bb2 e6 5. d3 Be7 6. Nbd2 O-O 7. Be2 h6 8. O-O c5 9. Ne5 Bh7 10. f4 Nfd7 11. Ndf3 Nxe5 12. Nxe5 Nd7 13. Qe1 Nxe5 14. fxe5 Bh4 15. g3 Be7 16. Qf2 Rc8 17. Qg2 Bg5 18. Qf3 d4 19. Bc1 Qc7 20. h4 Be7 21. e4 g5 22. hxg5 hxg5 23. Qh5 Qxe5 24. Kg2 Bg6 25. Qh6 Qg7 26. Qxg7+ Kxg7 27. a4 f5 28. exf5 exf5 29. Bf3 b6 30. Re1 Bf6 31. Bd2 Bf7 32. Kf2 Rc7 33. Bg2 a6 34. Bh3 Kg6 35. Bg2 Rh8 36. Rh1 Rxh1 37. Rxh1 b5 38. axb5 axb5 39. Bf3 g4 40. Bg2 Ra7 41. Rc1 Ra2 42. Ke2 Be5 43. Bc6 Bxg3 44. Bxb5 Bd5 45. Ba4 f4 46. Be1 f3+ 47. Kf1 Bf4 48. Rb1 g3 49. Bd7 g2+ 50. Kg1 Be3+ 51. Bf2 Rxc2 0-1

[Event "26th Abu Dhabi Master 2019"]
[Site "Abu Dhabi"]
[Date "2019.08.04"]
[Round "4.58"]
[White "Eynullayev, Atilla"]
[Black "Sharma Isha"]
[Result "1-0"]
[ECO "C41"]
[WhiteElo "2228"]
[BlackElo "2188"]
[Annotator "NA"]
[PlyCount "141"]
[EventDate "2019.08.02"]
[EventType "swiss"]
[EventCountry "UAE"]
[SourceTitle "playchess.com"]
[Source "ChessBase"]
[SourceQuality "1"]
[TimeControl "5400+30"]

1. d4 d6 2. e4 Nf6 3. Nc3 e5 4. Nf3 Nbd7 5. Bc4 Be7 6. O-O O-O 7. Re1 c6 8. a4 a5 9. h3 Nb6 10. Bb3 Nfd7 11. Be3 exd4 12. Nxd4 Nc5 13. Qf3 Nxb3 14. cxb3 Nd7 15. Rad1 Nc5 16. Nxc6 bxc6 17. Bxc5 Qc7 18. Qg3 Rd8 19. Bd4 f6 20. Nb1 Be6 21. Nd2 Rdb8 22. Rc1 Rb7 23. Be3 Kh8 24. Rc3 Qd7 25. Rec1 Rc8 26. Rd1 Qe8 27. Qf3 Rb4 28. Qe2 d5 29. exd5 Bxd5 30. Nc4 Qg6 31. Qg4 Qxg4 32. hxg4 Bxc4 33. Rxc4 Rxb3 34. Rd7 Bf8 35. Rd2 Rb4 36. Rdc2 Kg8 37. Bd2 Rxc4 38. Rxc4 Rb8 39. Bxa5 Rxb2 40. Rxc6 Ra2 41. Rc4 Bd6 42. g3 Kf7 43. Bb6 Ke6 44. a5 Kd5 45. Rc8 Bb4 46. Ra8 Kc6 47. Ra7 g5 48. Rxh7 Kb5 49. Rf7 Bc3 50. Rd7 Be5 51. Kg2 Ra3 52. Kf1 Ra2 53. Rd3 Ra4 54. Rf3 Ra1+ 55. Kg2 Rd1 56. Rb3+ Ka6 57. Kf3 Ra1 58. Ke4 Ra4+ 59. Kf5 Rc4 60. Rf3 Kb5 61. Bd8 Rc8 62. Bb6 Rc4 63. Rd3 Rc6 64. Rd8 Rc3 65. Ra8 Rf3+ 66. Ke4 Ra3 67. Be3 Ra4+ 68. Kf5 Ra3 69. a6 Bxg3 70. a7 Bxf2 71. Bxf2 1-0

[Event "26th Abu Dhabi Master 2019"]
[Site "Abu Dhabi"]
[Date "2019.08.04"]
[Round "4.59"]
[White "Chitlange Sakshi"]
[Black "Alinasab, Mobina"]
[Result "1/2-1/2"]
[ECO "E10"]
[WhiteElo "2168"]
[BlackElo "2280"]
[Annotator "NA"]
[PlyCount "40"]
[EventDate "2019.08.02"]
[EventType "swiss"]
[EventCountry "UAE"]
[SourceTitle "playchess.com"]
[Source "ChessBase"]
[SourceQuality "1"]
[TimeControl "5400+30"]

1. d4 Nf6 2. c4 e6 3. Nf3 a6 4. Nc3 d5 5. cxd5 exd5 6. Bg5 Be6 7. Bxf6 Qxf6 8. Qb3 b5 9. a4 b4 10. Nxd5 Qd8 11. e4 c6 12. Qe3 cxd5 13. exd5 Qxd5 14. Rc1 Be7 15. Bd3 Ra7 16. Be4 Qb3 17. Qxb3 Bxb3 18. Rc8+ Bd8 19. Rxb8 Re7 20. Ne5 O-O 1/2-1/2

[Event "26th Abu Dhabi Master 2019"]
[Site "Abu Dhabi"]
[Date "2019.08.04"]
[Round "4.60"]
[White "Tarini Goyal"]
[Black "Salih, Akar Ali Salih"]
[Result "1/2-1/2"]
[ECO "A57"]
[WhiteElo "2038"]
[BlackElo "2261"]
[Annotator "NA"]
[PlyCount "41"]
[EventDate "2019.08.02"]
[EventType "swiss"]
[EventCountry "UAE"]
[SourceTitle "playchess.com"]
[Source "ChessBase"]
[SourceQuality "1"]
[TimeControl "5400+30"]

1. d4 Nf6 2. c4 c5 3. d5 b5 4. cxb5 a6 5. e3 g6 6. Nf3 d6 7. Nc3 Bg7 8. Be2 O-O 9. O-O Bb7 10. e4 axb5 11. Bxb5 Qa5 12. a4 Ba6 13. Ra3 Nbd7 14. h3 Bxb5 15. axb5 Qb4 16. Rb3 Qc4 17. Nd2 Qd4 18. Ne2 Qa4 19. Nc3 Qd4 20. Ne2 Qa4 21. Nc3 1/2-1/2

[Event "26th Abu Dhabi Master 2019"]
[Site "Abu Dhabi"]
[Date "2019.08.04"]
[Round "4.61"]
[White "Aaryan Varshney"]
[Black "Ammar, Sedrani"]
[Result "1-0"]
[ECO "D09"]
[WhiteElo "2284"]
[BlackElo "2024"]
[Annotator "NA"]
[PlyCount "73"]
[EventDate "2019.08.02"]
[EventType "swiss"]
[EventCountry "UAE"]
[SourceTitle "playchess.com"]
[Source "ChessBase"]
[SourceQuality "1"]
[TimeControl "5400+30"]

1. d4 d5 2. c4 e5 3. dxe5 d4 4. Nf3 Nc6 5. g3 Nge7 6. Bg2 Ng6 7. O-O Ngxe5 8. b3 Nxf3+ 9. exf3 Be7 10. Bb2 O-O 11. f4 Bf6 12. Nd2 Bf5 13. Ne4 Bxe4 14. Bxe4 Qd7 15. a3 a5 16. Qf3 Rad8 17. Rad1 Ne7 18. Qh5 g6 19. Qxa5 b6 20. Qb4 Qe6 21. Rfe1 c5 22. Qd2 Qd7 23. Qd3 Rfe8 24. Re2 Kg7 25. Rde1 h5 26. Bf3 Nc6 27. Bc1 Rxe2 28. Rxe2 Re8 29. Rxe8 Qxe8 30. Bd2 Kf8 31. b4 Ne7 32. b5 Nf5 33. a4 Nd6 34. a5 bxa5 35. Bxa5 Bd8 36. Bxd8 Qxd8 37. Qa3 1-0

[Event "26th Abu Dhabi Master 2019"]
[Site "Abu Dhabi"]
[Date "2019.08.04"]
[Round "4.62"]
[White "Nguyen, Anh Khoi"]
[Black "Ajay Karthikeyan"]
[Result "1-0"]
[ECO "A40"]
[WhiteElo "2516"]
[BlackElo "2216"]
[Annotator "ChessBase"]
[PlyCount "36"]
[EventDate "2019.08.02"]
[EventType "swiss"]
[EventCountry "UAE"]
[SourceTitle "playchess.com"]
[Source "ChessBase"]
[SourceQuality "1"]
[TimeControl "5400+30"]

1. d4 e5 2. c4 d6 3. Nc3 Nd7 4. Nf3 Be7 5. Bg5 Ngf6 6. e3 O-O 7. Be2 c6 8. Qc2 Qc7 9. O-O Re8 10. Rfd1 a6 11. Rac1 b6 12. h3 Bb7 13. Bh4 h6 14. Bg3 Rad8 15. c5 exd4 16. cxb6 Nxb6 17. Nxd4 c5 18. Nf5 Bf8 1-0

[Event "26th Abu Dhabi Master 2019"]
[Site "Abu Dhabi"]
[Date "2019.08.04"]
[Round "4.64"]
[White "Raja Rithvik R"]
[Black "Asaka, Samuel"]
[Result "1-0"]
[ECO "A18"]
[WhiteElo "2357"]
[BlackElo "2201"]
[Annotator "NA"]
[PlyCount "39"]
[EventDate "2019.08.02"]
[EventType "swiss"]
[EventCountry "UAE"]
[SourceTitle "playchess.com"]
[Source "ChessBase"]
[SourceQuality "1"]
[TimeControl "5400+30"]

1. c4 e6 2. Nc3 Nf6 3. e4 d5 4. e5 d4 5. exf6 dxc3 6. bxc3 Qxf6 7. d4 b6 8. Nh3 e5 9. Bg5 Qc6 10. dxe5 f6 11. exf6 Bxh3 12. Qh5+ g6 13. Qxh3 Nd7 14. Be2 Kf7 15. O-O Ne5 16. f4 Nxc4 17. Bf3 Qc5+ 18. Kh1 Rd8 19. Rfe1 Rd6 20. Qc8 1-0

[Event "26th Abu Dhabi Master 2019"]
[Site "Abu Dhabi"]
[Date "2019.08.04"]
[Round "4.65"]
[White "Gajwa Ankit"]
[Black "Priyanka, K."]
[Result "1-0"]
[ECO "E92"]
[WhiteElo "2302"]
[BlackElo "2201"]
[Annotator "NA"]
[PlyCount "111"]
[EventDate "2019.08.02"]
[EventType "swiss"]
[EventCountry "UAE"]
[SourceTitle "playchess.com"]
[Source "ChessBase"]
[SourceQuality "1"]
[TimeControl "5400+30"]

1. d4 Nf6 2. c4 g6 3. Nc3 Bg7 4. e4 d6 5. Nf3 O-O 6. Be2 e5 7. d5 a5 8. Bg5 Na6 9. Nd2 Qe8 10. g4 Nd7 11. h4 f6 12. Be3 f5 13. gxf5 gxf5 14. exf5 Rxf5 15. Nde4 Nac5 16. Rg1 Kh8 17. Qd2 Qf8 18. O-O-O Rf4 19. Bxf4 exf4 20. Rxg7 Qxg7 21. Qxf4 Nxe4 22. Nxe4 Ne5 23. Qe3 Bf5 24. Ng3 Bg4 25. Rd4 Bxe2 26. Nxe2 Rf8 27. Re4 Rxf2 28. Qxf2 Nd3+ 29. Kd2 Nxf2 30. Re8+ Qg8 31. Rxg8+ Kxg8 32. Nd4 Ne4+ 33. Ke3 Nc5 34. Nb5 Na6 35. Kf4 Kg7 36. Kg5 h6+ 37. Kf5 Kf7 38. b3 b6 39. h5 Nb4 40. Nxc7 Nxa2 41. Na8 Nc1 42. Nxb6 Nxb3 43. Nc8 a4 44. Nxd6+ Ke7 45. Nb5 Kf7 46. Ke5 Ke7 47. Kf5 Kf7 48. d6 Nc5 49. Ke5 Nd7+ 50. Kd5 Nb6+ 51. Kc5 Nd7+ 52. Kc6 Nf6 53. c5 Ke8 54. Kc7 Nd5+ 55. Kc8 Nf6 56. c6 1-0

[Event "26th Abu Dhabi Master 2019"]
[Site "Abu Dhabi"]
[Date "2019.08.04"]
[Round "4.66"]
[White "Arjun C Krishnamachari"]
[Black "Gomes, Mary Ann"]
[Result "1/2-1/2"]
[ECO "B22"]
[WhiteElo "2212"]
[BlackElo "2303"]
[Annotator "NA"]
[PlyCount "24"]
[EventDate "2019.08.02"]
[EventType "swiss"]
[EventCountry "UAE"]
[SourceTitle "playchess.com"]
[Source "ChessBase"]
[SourceQuality "1"]
[TimeControl "5400+30"]

1. e4 c5 2. c3 Nf6 3. e5 Nd5 4. Nf3 Nc6 5. d4 cxd4 6. cxd4 d6 7. Nc3 dxe5 8. dxe5 e6 9. Bd3 Ndb4 10. Be4 Qxd1+ 11. Kxd1 Bc5 12. Ke2 Bd7 1/2-1/2

[Event "26th Abu Dhabi Master 2019"]
[Site "Abu Dhabi"]
[Date "2019.08.04"]
[Round "4.67"]
[White "Srija, Seshadri"]
[Black "Adnan, Habib"]
[Result "1-0"]
[ECO "C06"]
[WhiteElo "2306"]
[BlackElo "2197"]
[Annotator "NA"]
[PlyCount "47"]
[EventDate "2019.08.02"]
[EventType "swiss"]
[EventCountry "UAE"]
[SourceTitle "playchess.com"]
[Source "ChessBase"]
[SourceQuality "1"]
[TimeControl "5400+30"]

1. e4 e6 2. d4 d5 3. Nd2 Nf6 4. e5 Nfd7 5. Bd3 c5 6. c3 Nc6 7. Ne2 cxd4 8. cxd4 f6 9. exf6 Nxf6 10. Nf3 Bd6 11. O-O Qc7 12. h3 O-O 13. Be3 Bd7 14. Re1 a6 15. Rc1 h6 16. Nc3 b5 17. Ne5 Be8 18. f4 g5 19. fxg5 hxg5 20. Bxg5 Qg7 21. Bxf6 Rxf6 22. Ng4 Rf8 23. Rxe6 Bf4 24. Nxd5 1-0

[Event "26th Abu Dhabi Master 2019"]
[Site "Abu Dhabi"]
[Date "2019.08.04"]
[Round "4.68"]
[White "Wagh Suyog"]
[Black "Al Hosani, Omran"]
[Result "0-1"]
[ECO "A05"]
[WhiteElo "2242"]
[BlackElo "2135"]
[Annotator "NA"]
[PlyCount "43"]
[EventDate "2019.08.02"]
[EventType "swiss"]
[EventCountry "UAE"]
[SourceTitle "playchess.com"]
[Source "ChessBase"]
[SourceQuality "1"]
[TimeControl "5400+30"]

1. Nf3 Nf6 2. g3 g6 3. Bg2 Bg7 4. d4 O-O 5. O-O d5 6. c4 dxc4 7. Na3 c3 8. bxc3 c5 9. e3 Nc6 10. Qe2 cxd4 11. cxd4 Be6 12. Bb2 Bd5 13. Nd2 Bxg2 14. Kxg2 Rc8 15. Nb3 e5 16. dxe5 Nxe5 17. Rad1 Qe8 18. e4 Qe6 19. Rfe1 Rfe8 20. f4 Nc4 21. Nb5 Nxb2 22. Qxb2 0-1

[Event "26th Abu Dhabi Master 2019"]
[Site "Abu Dhabi"]
[Date "2019.08.04"]
[Round "4.69"]
[White "Bartel, Marta"]
[Black "Haase, Pavel"]
[Result "1-0"]
[ECO "A80"]
[WhiteElo "2260"]
[BlackElo "2160"]
[Annotator "NA"]
[PlyCount "125"]
[EventDate "2019.08.02"]
[EventType "swiss"]
[EventCountry "UAE"]
[SourceTitle "playchess.com"]
[Source "ChessBase"]
[SourceQuality "1"]
[TimeControl "5400+30"]

1. d4 f5 2. Bg5 Nf6 3. Bxf6 exf6 4. e3 d5 5. Bd3 Be6 6. Qf3 g6 7. h4 h5 8. Ne2 c6 9. Nd2 Qa5 10. Nf4 Bf7 11. Qe2 b5 12. c3 Bd6 13. g3 Nd7 14. O-O O-O 15. Rfc1 Rab8 16. b3 Bxf4 17. gxf4 Rfe8 18. Kh1 Kh8 19. Rc2 Qa3 20. Rg1 Re7 21. Nf1 a6 22. Nd2 a5 23. Kh2 Qd6 24. Nf3 Nb6 25. Nd2 Nd7 26. Qf1 Nf8 27. Rg3 Ne6 28. Rc1 Rg8 29. Qh3 Nxf4 30. exf4 Qxf4 31. Rd1 Qxf2+ 32. Qg2 Qf4 33. Nf3 g5 34. Kh1 g4 35. Ng1 Rge8 36. Rf1 Qh6 37. Bxf5 Re1 38. Qf2 R1e3 39. Rxe3 Rxe3 40. Bd7 Kg7 41. Bxc6 Rxc3 42. Bxb5 g3 43. Qf4 g2+ 44. Kxg2 Qg6+ 45. Kh1 Rg3 46. Be2 Be6 47. Bxh5 Qe4+ 48. Qxe4 dxe4 49. Kh2 Rc3 50. Re1 f5 51. Nh3 Bf7 52. Bxf7 Rc2+ 53. Kg3 Kxf7 54. Nf4 Rxa2 55. h5 Ra3 56. h6 Rxb3+ 57. Kh4 Kf6 58. Rc1 e3 59. Rc6+ Kf7 60. Kg5 Rb5 61. Rc7+ Kg8 62. h7+ Kh8 63. Ng6# 1-0

[Event "26th Abu Dhabi Master 2019"]
[Site "Abu Dhabi"]
[Date "2019.08.04"]
[Round "4.70"]
[White "Aakanksha Hagawane"]
[Black "Wang, Shanshan"]
[Result "1/2-1/2"]
[ECO "B52"]
[WhiteElo "2246"]
[BlackElo "2122"]
[Annotator "NA"]
[PlyCount "89"]
[EventDate "2019.08.02"]
[EventType "swiss"]
[EventCountry "UAE"]
[SourceTitle "playchess.com"]
[Source "ChessBase"]
[SourceQuality "1"]
[TimeControl "5400+30"]

1. e4 c5 2. Nf3 d6 3. Bb5+ Bd7 4. Bxd7+ Qxd7 5. c4 Nc6 6. d4 cxd4 7. Nxd4 g6 8. b3 Bg7 9. Bb2 Nf6 10. Nc3 Qg4 11. Qxg4 Nxg4 12. Nde2 Nb4 13. O-O h5 14. Rfd1 Rc8 15. Rab1 Nc6 16. h3 Nh6 17. Ba3 b6 18. Nd5 Na5 19. Nd4 Bxd4 20. Rxd4 g5 21. Rbd1 f6 22. g3 Nc6 23. R4d2 Ne5 24. Nxe7 Kxe7 25. Rxd6 Kf7 26. f4 gxf4 27. gxf4 Nc6 28. R1d5 Ng8 29. Rd7+ Nge7 30. Bxe7 Nxe7 31. Rxa7 Ra8 32. Rdd7 Rxa7 33. Rxa7 Rd8 34. Kf2 Rd3 35. Kg2 Re3 36. e5 fxe5 37. fxe5 Rxe5 38. Rb7 Re6 39. a4 Kf6 40. b4 Kf5 41. a5 bxa5 42. Rb5+ Kf4 43. Rxa5 Re2+ 44. Kf1 Rb2 45. Rxh5 {Ke5} 1/2-1/2

[Event "26th Abu Dhabi Master 2019"]
[Site "Abu Dhabi"]
[Date "2019.08.04"]
[Round "4.71"]
[White "Pujari, Rucha"]
[Black "Davainis, Marius"]
[Result "1-0"]
[ECO "A60"]
[WhiteElo "2268"]
[BlackElo "2105"]
[Annotator "NA"]
[PlyCount "43"]
[EventDate "2019.08.02"]
[EventType "swiss"]
[EventCountry "UAE"]
[SourceTitle "playchess.com"]
[Source "ChessBase"]
[SourceQuality "1"]
[TimeControl "5400+30"]

1. d4 Nf6 2. c4 c5 3. d5 e6 4. Nc3 exd5 5. cxd5 Bd6 6. g3 O-O 7. Bg2 Re8 8. Nf3 Bc7 9. d6 Ba5 10. O-O Bxc3 11. bxc3 Qb6 12. Nh4 g6 13. Bf4 Qb2 14. Be3 Qxc3 15. Rc1 Qe5 16. Rxc5 Qe6 17. Nf3 Nc6 18. Ng5 Qg4 19. Qa1 Nh5 20. Bf3 Qb4 21. a3 Qb3 22. Bd5 1-0

[Event "26th Abu Dhabi Master 2019"]
[Site "Abu Dhabi"]
[Date "2019.08.04"]
[Round "4.72"]
[White "Srihari L"]
[Black "Priyanka Nutakki"]
[Result "0-1"]
[ECO "C11"]
[WhiteElo "2101"]
[BlackElo "2293"]
[Annotator "NA"]
[PlyCount "86"]
[EventDate "2019.08.02"]
[EventType "swiss"]
[EventCountry "UAE"]
[SourceTitle "playchess.com"]
[Source "ChessBase"]
[SourceQuality "1"]
[TimeControl "5400+30"]

1. e4 e6 2. d4 d5 3. Nc3 Nf6 4. e5 Nfd7 5. Nce2 c5 6. c3 Nc6 7. f4 Qb6 8. Nf3 Be7 9. a3 O-O 10. b4 cxd4 11. cxd4 f6 12. Qd3 Qc7 13. Nc3 Nb6 14. Be2 Bd7 15. O-O Rac8 16. Bd2 Nc4 17. Be1 fxe5 18. Nxe5 N6xe5 19. dxe5 Be8 20. Bg4 Kh8 21. Ne2 Bf7 22. Bf2 Bg8 23. Bd4 a5 24. b5 Bc5 25. Kh1 a4 26. Rac1 Qe7 27. Bxc5 Qxc5 28. Nd4 Qe7 29. Ra1 Rc5 30. Rfc1 Rxf4 31. Bh3 Nxe5 32. Qd2 Rxc1+ 33. Rxc1 Qf6 34. g3 Rf2 35. Qc3 Qh6 36. Bg2 Ng4 37. h4 Qf6 38. Nf3 e5 39. Qc8 Ne3 40. Qe8 Rxf3 41. Rc8 Rf1+ 42. Kh2 Qf7 43. Qxe5 Ng4+ 0-1

[Event "26th Abu Dhabi Master 2019"]
[Site "Abu Dhabi"]
[Date "2019.08.04"]
[Round "4.73"]
[White "Krzywda, Andrzej"]
[Black "Ayyad, Husain"]
[Result "0-1"]
[ECO "C54"]
[WhiteElo "2190"]
[BlackElo "2231"]
[Annotator "NA"]
[PlyCount "94"]
[EventDate "2019.08.02"]
[EventType "swiss"]
[EventCountry "UAE"]
[SourceTitle "playchess.com"]
[Source "ChessBase"]
[SourceQuality "1"]
[TimeControl "5400+30"]

1. e4 e5 2. Nf3 Nc6 3. d4 exd4 4. Bc4 Bc5 5. c3 Nf6 6. e5 d5 7. Bb5 Ne4 8. cxd4 Bb6 9. Nc3 O-O 10. Bxc6 bxc6 11. O-O f6 12. Be3 Bg4 13. Ne2 Bxf3 14. gxf3 Ng5 15. Bxg5 fxg5 16. Rc1 Qe8 17. Qd3 Qh5 18. Kg2 Rf7 19. Rxc6 Raf8 20. Rc3 Rxf3 21. Qxf3 Rxf3 22. Rxf3 Qg4+ 23. Ng3 Bxd4 24. Re1 Qe6 25. h3 h6 26. b4 Kh7 27. Re2 Kg6 28. a4 h5 29. Rd3 h4 30. Nf1 Ba1 31. Nh2 Kf7 32. Ng4 d4 33. Kh2 Ke8 34. b5 Qc4 35. Red2 Bc3 36. Rd1 Qxa4 37. Rb1 Qc2 38. Rdd1 Qe4 39. Rbc1 Qf3 40. Rb1 Bd2 41. Kg1 Qxh3 42. Rxd2 Qxg4+ 43. Kf1 h3 44. f3 Qxf3+ 45. Kg1 Qe3+ 46. Rf2 h2+ 47. Kg2 Qe4+ 0-1

[Event "26th Abu Dhabi Master 2019"]
[Site "Abu Dhabi"]
[Date "2019.08.04"]
[Round "4.74"]
[White "Mohamed, Faisal"]
[Black "Srihari L R"]
[Result "0-1"]
[ECO "A04"]
[WhiteElo "2150"]
[BlackElo "2227"]
[Annotator "NA"]
[PlyCount "28"]
[EventDate "2019.08.02"]
[EventType "swiss"]
[EventCountry "UAE"]
[SourceTitle "playchess.com"]
[Source "ChessBase"]
[SourceQuality "1"]
[TimeControl "5400+30"]

1. Nf3 d6 2. d4 g6 3. c4 Bg7 4. g3 c5 5. Bg2 Nc6 6. dxc5 Qa5+ 7. Nbd2 Qxc5 8. O-O Nf6 9. a3 Qh5 10. Nb3 Bh3 11. Re1 O-O 12. Nbd4 Ne5 13. Qb3 Neg4 14. e4 Nxf2 0-1

[Event "26th Abu Dhabi Master 2019"]
[Site "Abu Dhabi"]
[Date "2019.08.04"]
[Round "4.75"]
[White "Thrish Karthik"]
[Black "Soham Datar"]
[Result "1/2-1/2"]
[ECO "A48"]
[WhiteElo "2075"]
[BlackElo "2129"]
[Annotator "NA"]
[PlyCount "40"]
[EventDate "2019.08.02"]
[EventType "swiss"]
[EventCountry "UAE"]
[SourceTitle "playchess.com"]
[Source "ChessBase"]
[SourceQuality "1"]
[TimeControl "5400+30"]

1. d4 Nf6 2. Nf3 g6 3. c4 c5 4. Nc3 cxd4 5. Nxd4 Bg7 6. e4 d6 7. Be2 Nc6 8. Be3 Bd7 9. O-O O-O 10. Nc2 Rc8 11. f3 Be6 12. Na3 Nd7 13. Qd2 Qa5 14. Rac1 a6 15. Rfd1 Rfe8 16. Bf1 Qb4 17. Rc2 f5 18. exf5 Bxf5 19. Bd3 Bxd3 20. Qxd3 Nce5 1/2-1/2

[Event "26th Abu Dhabi Master 2019"]
[Site "Abu Dhabi"]
[Date "2019.08.05"]
[Round "5.16"]
[White "Sindarov, Javokhir"]
[Black "Vaibhav, Suri"]
[Result "1/2-1/2"]
[ECO "B54"]
[WhiteElo "2479"]
[BlackElo "2591"]
[Annotator "ChessBase"]
[PlyCount "35"]
[EventDate "2019.08.02"]
[EventType "swiss"]
[EventCountry "UAE"]
[SourceTitle "playchess.com"]
[Source "ChessBase"]
[SourceQuality "1"]
[TimeControl "5400+30"]

1. e4 c5 2. Nf3 d6 3. d4 cxd4 4. Nxd4 Nf6 5. f3 e5 6. Nb3 d5 7. Bg5 Be6 8. Bxf6 gxf6 9. exd5 Qxd5 10. Qxd5 Bxd5 11. Nc3 Be6 12. O-O-O Nc6 13. Bb5 Rc8 14. Nd5 f5 15. Nf6+ Ke7 16. Nd5+ Ke8 17. Nf6+ Ke7 18. Nd5+ 1/2-1/2

[Event "26th Abu Dhabi Master 2019"]
[Site "Abu Dhabi"]
[Date "2019.08.05"]
[Round "5.26"]
[White "Senthil Maran K"]
[Black "Kiriakov, Petr"]
[Result "1/2-1/2"]
[ECO "A40"]
[WhiteElo "2222"]
[BlackElo "2516"]
[Annotator "ChessBase"]
[PlyCount "39"]
[EventDate "2019.08.02"]
[EventType "swiss"]
[EventCountry "UAE"]
[SourceTitle "playchess.com"]
[Source "ChessBase"]
[SourceQuality "1"]
[TimeControl "5400+30"]

1. d4 e6 2. g3 c5 3. Nf3 Nc6 4. Bg2 cxd4 5. Nxd4 Qb6 6. Nb3 d5 7. O-O Nf6 8. Be3 Qc7 9. Nc3 Be7 10. Nb5 Qd8 11. c4 O-O 12. Rc1 a6 13. Nc3 dxc4 14. Qxd8 Rxd8 15. Nd2 Ng4 16. Nxc4 Nxe3 17. Nxe3 Bd7 18. Nc4 Be8 19. Nb6 Rab8 20. e3 1/2-1/2

[Event "26th Abu Dhabi Master 2019"]
[Site "Abu Dhabi"]
[Date "2019.08.05"]
[Round "5.27"]
[White "Pranav, V."]
[Black "Kuybokarov, Temur"]
[Result "0-1"]
[ECO "B51"]
[WhiteElo "2316"]
[BlackElo "2511"]
[Annotator "RC"]
[PlyCount "138"]
[EventDate "2019.08.02"]
[EventType "swiss"]
[EventCountry "UAE"]
[TimeControl "5400+30"]

1. e4 c5 2. Nf3 d6 3. Bb5+ Nd7 4. d4 cxd4 5. Qxd4 a6 6. Be2 Ngf6 7. c4 g6 8. Nc3 Bg7 9. O-O O-O 10. h3 b6 11. Qe3 Bb7 12. Rd1 Qc7 13. Rb1 e6 14. b3 Qc5 15. Qd3 Qc6 16. Qxd6 Qxd6 17. Rxd6 Nxe4 18. Nxe4 Bxe4 19. Bd3 Bxd3 20. Rxd3 Nc5 21. Rd6 b5 22. Ba3 Ne4 23. Rd7 Rfb8 24. Re1 Nc3 25. Ne5 b4 26. Bc1 Nxa2 27. Bf4 Rf8 28. c5 Nc3 29. Nc6 a5 30. Ne7+ Kh8 31. c6 a4 32. bxa4 Nxa4 33. Rb7 Nc5 34. Rb1 b3 35. Rb5 b2 36. R5xb2 Bxb2 37. Rxb2 Nd3 38. Bg5 f6 39. Rd2 fxg5 40. Rxd3 Ra7 41. Rd7 Rxd7 42. cxd7 Rd8 43. Nc6 Rxd7 44. Ne5 Rd5 45. Ng4 Kg7 46. Ne3 Rd2 47. Nc4 Rc2 48. Nd6 Kf6 49. g3 Rc6 50. Ne4+ Kf5 51. Nd2 Rc2 52. Nf3 e5 53. Nh2 h5 54. Kg2 e4 55. Nf1 Re2 56. g4+ Ke5 57. gxh5 gxh5 58. Ng3 Ra2 59. Nf1 Ra3 60. Nd2 Rd3 61. Nf1 Kf4 62. Kh2 Kf3 63. Ng3 Rd2 64. Kg1 e3 65. Nf1 Rxf2 66. Nh2+ Rxh2 67. Kxh2 e2 68. h4 e1=Q 69. Kh3 Qxh4# 0-1

[Event "26th Abu Dhabi Master 2019"]
[Site "Abu Dhabi"]
[Date "2019.08.05"]
[Round "5.28"]
[White "Sadhwani, Raunak"]
[Black "Rathanvel, V S"]
[Result "0-1"]
[ECO "B90"]
[WhiteElo "2477"]
[BlackElo "2367"]
[Annotator "ChessBase"]
[PlyCount "100"]
[EventDate "2019.08.02"]
[EventType "swiss"]
[EventCountry "UAE"]
[SourceTitle "playchess.com"]
[Source "ChessBase"]
[SourceQuality "1"]
[TimeControl "5400+30"]

1. e4 c5 2. Nf3 d6 3. d4 cxd4 4. Nxd4 Nf6 5. Nc3 a6 6. Nb3 Nc6 7. Be3 e6 8. g4 Be7 9. g5 Nd7 10. f4 b5 11. Bg2 Bb7 12. O-O Nb6 13. f5 Nc4 14. Bc1 Qb6+ 15. Kh1 Ne3 16. Bxe3 Qxe3 17. fxe6 fxe6 18. Qg4 b4 19. Nd1 Qxg5 20. Qxe6 Rc8 21. Qh3 Bf6 22. e5 Qxe5 23. Ne3 O-O 24. Rae1 Rce8 25. Nc1 Bc8 26. Qg3 Qxg3 27. hxg3 Nd4 28. Nd3 a5 29. Nc4 Rxe1 30. Rxe1 Nxc2 31. Bd5+ Kh8 32. Rc1 Bf5 33. Rd1 Be7 34. Nf2 a4 35. Ne4 Bg6 36. Kg1 h6 37. Bb7 Bf6 38. Nxf6 Rxf6 39. Bd5 Bh5 40. Rd2 Ne1 41. Rf2 Nd3 42. Rxf6 gxf6 43. Kf1 Kg7 44. a3 Bf7 45. Bxf7 Kxf7 46. axb4 Nxb2 47. Na3 Ke6 48. Ke2 Kd5 49. b5 Kc5 50. Kd2 d5 0-1

[Event "26th Abu Dhabi Master 2019"]
[Site "Abu Dhabi"]
[Date "2019.08.05"]
[Round "5.32"]
[White "Divya Deshmukh"]
[Black "Venkatesh, M.R."]
[Result "0-1"]
[ECO "A04"]
[WhiteElo "2373"]
[BlackElo "2480"]
[Annotator "ChessBase"]
[PlyCount "46"]
[EventDate "2019.08.02"]
[EventType "swiss"]
[EventCountry "UAE"]
[SourceTitle "playchess.com"]
[Source "ChessBase"]
[SourceQuality "1"]
[TimeControl "5400+30"]

1. Nf3 c5 2. b3 d5 3. Bb2 f6 4. e3 e5 5. d4 cxd4 6. exd4 e4 7. Nfd2 f5 8. g3 Nf6 9. f4 Nc6 10. Bh3 Bd6 11. Nf1 h5 12. Qe2 Ng4 13. Bxg4 hxg4 14. Ne3 Be6 15. Nd2 g5 16. Qf2 gxf4 17. gxf4 Qc7 18. Rf1 Nb4 19. Rc1 Nxa2 20. c4 Nxc1 21. Bxc1 Rh3 22. Ke2 Qh7 23. Rh1 g3 0-1